 Dungeon Crawl Stone Soup version 0.30-b1-2-g02819fbbbe (webtiles) character file.

Game seed: 4124077006045405714

32 Alarkh the Trooper (level 3, 12/29 HPs)
             Began as a Demonspawn Artificer on July 11, 2023.
             Got out of the dungeon alive.
             The game lasted 00:00:48 (602 turns).

Alarkh the Trooper (Demonspawn Artificer)            Turns: 602, Time: 00:00:48

Health: 12/29      AC: 11    Str: 12    XL:     3   Next: 8%
Magic:  3/3        EV:  4    Int: 14    God:
Gold:   55         SH:  0    Dex: 13    Spells: 2/2 levels left

rFire   . . .        a - +0 club
rCold   . . .        (no shield)
rNeg    . . .        i - +1 plate armour {Will+}
rPois   .            (no helmet)
rElec   .            (no cloak)
rCorr   .            (no gloves)
SInv    .            (no boots)
Will    +....        (no amulet) Stlth
                     (no ring)
HPRegen 0.24/turn    (no ring)
MPRegen 0.08/turn

%: no passive effects
@: no status effects
A: hooves 1, sturdy frame 1
a: no special abilities


You escaped.
You visited 1 branch of the dungeon, and saw 1 of its levels.

You collected 55 gold pieces.

Inventory:

Hand Weapons
 a - a +0 club (weapon)
Armour
 b - a +0 leather armour
 i - a +1 plate armour of willpower (worn)
Jewellery
 j - an amulet of the acrobat
Wands
 c - a wand of flame (12) (quivered)
 d - a wand of charming (15)
 e - a wand of iceblast (5)
Scrolls
 f - a scroll of identify {unknown}
 h - 2 scrolls of teleportation {unknown}
Potions
 g - a potion of heal wounds {unknown}


   Skills:
 + Level 3.1 Fighting
 - Level 1.7 Armour
 - Level 0.8 Dodging
 - Level 0.8 Stealth
 - Level 3.0 Evocations


You had 2 spell levels left.
You didn't know any spells.
Your spell library was empty.

Dungeon Overview and Level Annotations

Branches:
Dungeon (1/15)

Altars:


Innate Abilities, Weirdness & Mutations

You have large cloven feet.
Your movements are slightly less encumbered by armour. (ER -2)


Message History

The goblin attacks as you move away! The goblin hits you but does no damage.
The gnoll attacks as you move away! The gnoll hits you but does no damage.
You see here a +0 scale mail.
The goblin attacks as you move away! The goblin hits you but does no damage.
The endoplasm attacks as you move away!
The endoplasm hits you but does no damage.
The goblin hits you but does no damage. The gnoll attacks as you move away!
The gnoll hits you with a +0 whip.
Aiming: Throw Flame
Press: ? - help, Shift-Dir - straight line, f - gnoll
Aim: a gnoll, wielding a +0 whip (moderately wounded, 75% to hit)
The puff of flame hits the gnoll.
The gnoll is severely wounded.
The gnoll hits you with a +0 whip.
* * * LOW HITPOINT WARNING * * *
Aiming: Throw Flame
Press: ? - help, Shift-Dir - straight line, f/p - gnoll
Aim: a gnoll, wielding a +0 whip (severely wounded, 75% to hit)
The puff of flame hits the gnoll.
You kill the gnoll!
Your Fighting skill increases to level 3!
You have reached level 3!
Your experience leads to an increase in your attributes!
Increase (S)trength, (I)ntelligence, or (D)exterity?
You feel clever. x2; Your demonic ancestry asserts itself...
Your feet thicken and deform.
Aiming: Throw Flame
Press: ? - help, Shift-Dir - straight line, f - goblin
Aim: a goblin, wielding a +0 dagger (64% to hit)
The puff of flame misses the goblin.
The puff of flame hits the endoplasm!
You kill the endoplasm!
The goblin hits you but does no damage.
Unknown command.
You miss the goblin. You kick the goblin.
You kill the goblin!
There is an open door here.
There is an empty arch of ancient stone here.
There is a staircase leading out of the dungeon here.
Are you sure you want to leave the Dungeon?
This will make you lose the game!
You have escaped!

...# ##.############
...# #.####### ...#
#.......### ####
#######...#
##♣♣#####.## ###
###....~# #..# ..#
#.∩.....####.# ..#
###∩#......###.# ..#
##.........@.##.# ..#
#.............#.# ..#
#.....♣.......#.# ..#
#............♣#.# ..#
###............#.# ..#
#.∩............#.# ..#
###............#.##
..###...........♣..#..#
..##.......⌠......♣#..#


There were no monsters in sight!

Vanquished Creatures
  A gnoll (D:1)
  A dart slug (D:1)
  2 ball pythons (D:1)
  2 bats (D:1)
  An endoplasm (D:1)
  A giant cockroach (D:1)
  3 goblins (D:1)
  3 hobgoblins (D:1)
  2 kobolds (D:1)
  A quokka (D:1)
  2 rats (D:1)
19 creatures vanquished.

Notes
Turn   | Place    | Note
-------+----------+-------------------------------------------
     0 | D:1      | Alarkh the Demonspawn Artificer began the quest for the
                  | Orb.
     0 | D:1      | Reached XP level 1. HP: 15/15 MP: 1/1
   216 | D:1      | Gained mutation: Your movements are slightly less
                  | encumbered by armour. (ER -2) [demonic ancestry]
   216 | D:1      | Reached XP level 2. HP: 22/22 MP: 2/2
   569 | D:1      | Gained mutation: You have large cloven feet. [demonic
                  | ancestry]
   569 | D:1      | Reached XP level 3. HP: 4/29 MP: 3/3
   602 | D:$      | Got out of the dungeon alive.

Illustrated notes

Levels and vault maps discovered:
D:1:      nzn_arrival_settlement, layout_basic, minmay_indecisive_spiral

Skill      XL: |  1  2 |
---------------+-------+-----
Fighting       | 2 3 |  3.1
Armour         | |  1.7
Dodging        | |  0.8
Stealth        | |  0.8
Evocations     | |  3.0

Action                     || total
---------------------------++-------
  Melee: Club              ||    68
         Punch             ||     1
         Kick              ||     1
  Evoke: Wand              ||     3
 Armour: Leather armour    ||    13
         Plate armour      ||    31
  Dodge: Dodged            ||    46
